 Dungeon Crawl Stone Soup version 0.27-a0-1438-g9b7c6745da (webtiles) character file.

Game seed: 12043492172262076880

90 Gargoyl the Skirmisher (level 4, 0/41 HPs)
             Began as a Gnoll Abyssal Knight on July 4, 2021.
             Was a Follower of Lugonu.
             Slain by an orc wizard (1 damage)
             ... on level 3 of the Dungeon.
             The game lasted 00:02:50 (2791 turns).

Gargoyl the Skirmisher (Gnoll Abyssal Knight)       Turns: 2791, Time: 00:02:50

Health: 0/41       AC:  4    Str: 13    XL:     4   Next: 56%
Magic:  7/7        EV: 12    Int: 11    God:    Lugonu [*.....]
Gold:   60         SH:  0    Dex: 11    Spells: 5/5 levels left

rFire    . . .     SeeInvis .   a - +2 hand axe
rCold    + . .     Faith    .   (no shield)
rNeg     . . .     Spirit   .   b - +0 leather armour
rPois    +         Reflect  .   f - +0 helmet
rElec    .         Harm     .   (no cloak)
rCorr    .         Rampage  .   (no gloves)
Will     .....                  (no boots)
Stlth    +.........             (no amulet)
HPRegen  0.13/turn              e - ring of poison resistance
MPRegen  0.10/turn              j - ring of protection from cold

@: confused, brilliant
A: fangs 1, strong nose, distributed training, hooves 1
a: Renounce Religion, Depart the Abyss


You were on level 3 of the Dungeon.
You worshipped Lugonu.
Lugonu was aware of your devotion.
You visited 1 branch of the dungeon, and saw 3 of its levels.
You visited the Abyss 1 time.

You collected 60 gold pieces.

Inventory:

Hand Weapons
 a - a +2 hand axe (weapon)
Armour
 b - a +0 leather armour (worn)
 f - a +0 helmet (worn)
Jewellery
 e - a ring of poison resistance (left hand)
 j - a ring of protection from cold (right hand)
Scrolls
 h - a scroll of identify
Potions
 c - a potion of curing
 d - a potion of brilliance


   Skills:
 + Level 6.6 Fighting
 + Level 1.2 Short Blades
 + Level 1.2 Long Blades
 + Level 4.6 Axes
 + Level 1.2 Maces & Flails
 + Level 1.2 Polearms
 + Level 1.2 Staves
 + Level 1.2 Slings
 + Level 1.2 Bows
 + Level 1.2 Crossbows
 + Level 1.2 Throwing
 + Level 4.6 Armour
 + Level 2.8 Dodging
 + Level 1.2 Stealth
 + Level 1.2 Shields
 + Level 1.2 Unarmed Combat
 + Level 1.2 Spellcasting
 + Level 1.0 Conjurations
 + Level 1.0 Hexes
 + Level 1.0 Summonings
 + Level 1.0 Necromancy
 + Level 1.0 Translocations
 + Level 1.0 Transmutations
 + Level 1.0 Fire Magic
 + Level 1.0 Ice Magic
 + Level 1.0 Air Magic
 + Level 1.0 Earth Magic
 + Level 1.0 Poison Magic
 + Level 4.7 Invocations
 + Level 1.2 Evocations


You had 5 spell levels left.
You didn't know any spells.
Your spell library was empty.

Dungeon Overview and Level Annotations

Branches:
Dungeon (3/15)

Altars:


Innate Abilities, Weirdness & Mutations

You have very sharp teeth.
Your uncanny sense of smell can sniff out nearby items.
Your experience applies equally to all skills.
You have large cloven feet.


Message History

* * * LOW HITPOINT WARNING * * *
You closely miss something. You hit something. You hit the orc.
You kill the orc!
Lugonu accepts your kill. Something hits you.
* * * LOW HITPOINT WARNING * * *
Something barely misses you.
Unknown command.
It was a potion of brilliance.
You feel clever all of a sudden. Something hits you but does no damage.
Something hits you.
* * * LOW HITPOINT WARNING * * *
You feel better. Something completely misses you. Something hits you.
* * * LOW HITPOINT WARNING * * *
It was a potion of mutation.
You feel extremely strange.
Your feet thicken and deform.
You hear some strange, mumbled words.
You are confused.
Something hits you.
* * * LOW HITPOINT WARNING * * *
Unknown command.
You hear some strange, mumbled words.
A puff of flame appears from out of thin air!
The puff of flame misses you.
Unknown command.
Something hits you.
* * * LOW HITPOINT WARNING * * *
Unknown command.
You miss something. Your kick misses something. Something hits you.
* * * LOW HITPOINT WARNING * * *
Unknown command.
You completely miss something. Your bite misses something.
You closely miss something.
You hear some strange, mumbled words.
You are more confused.
Something hits you.
* * * LOW HITPOINT WARNING * * *
Unknown command.
You're too confused to move!
Something hits you.
You die...

##........ ##.........#
##..........#
##...........#
##)...........#
#########..)..........##
.......''...............
.......##......{......#
.......##....).{@.....#
.......################
.......# ..###'##
#.###.# #..##.# ##.##.#
############ #.##.#
#..........# ##..#+###
#......)...##


There were no monsters in sight!

Vanquished Creatures
  A gnoll (D:1)
  2 adders
  A worm (D:2)
  2 dart slugs
  3 orcs (D:3)
  2 endoplasms
  2 giant cockroaches
  8 goblins
  4 hobgoblins
  7 jackals
  3 kobolds
  A quokka (D:2)
  6 ball pythons
  A bat (D:3)
  3 frilled lizards
  5 rats
51 creatures vanquished.

Notes
Turn   | Place    | Note
-------+----------+-------------------------------------------
     0 | Abyss:1  | Gargoyl the Gnoll Abyssal Knight began the quest for the
                  | Orb.
     0 | Abyss:1  | Reached XP level 1. HP: 23/23 MP: 3/3
    39 | Abyss:1  | Noticed an eidolon
    57 | Abyss:1  | Noticed a small abomination
   101 | Abyss:2  | Noticed a frost giant zombie
   233 | Abyss:2  | Noticed a hell hog
   234 | D:1      | Escaped the Abyss
   292 | D:1      | Noticed an iguana
   292 | D:1      | Noticed a swamp worm
   292 | D:1      | Noticed a salamander
   292 | D:1      | Noticed a polar bear
   358 | D:1      | Reached XP level 2. HP: 26/29 MP: 5/5
   387 | D:1      | Found a faded altar of an unknown god.
   806 | D:1      | Reached XP level 3. HP: 35/35 MP: 6/6
  1026 | D:1      | Reached * piety under Lugonu
  2284 | D:2      | Reached skill level 1 in Short Blades
  2284 | D:2      | Reached skill level 1 in Long Blades
  2284 | D:2      | Reached skill level 1 in Maces & Flails
  2284 | D:2      | Reached skill level 1 in Polearms
  2284 | D:2      | Reached skill level 1 in Staves
  2284 | D:2      | Reached skill level 1 in Slings
  2284 | D:2      | Reached skill level 1 in Bows
  2284 | D:2      | Reached skill level 1 in Crossbows
  2284 | D:2      | Reached skill level 1 in Throwing
  2284 | D:2      | Reached skill level 1 in Stealth
  2284 | D:2      | Reached skill level 1 in Shields
  2284 | D:2      | Reached skill level 1 in Unarmed Combat
  2284 | D:2      | Reached skill level 1 in Spellcasting
  2284 | D:2      | Reached skill level 1 in Evocations
  2297 | D:2      | Reached XP level 4. HP: 35/41 MP: 7/7
  2774 | D:3      | Reached skill level 1 in Conjurations
  2774 | D:3      | Reached skill level 1 in Hexes
  2774 | D:3      | Reached skill level 1 in Summonings
  2774 | D:3      | Reached skill level 1 in Necromancy
  2774 | D:3      | Reached skill level 1 in Translocations
  2774 | D:3      | Reached skill level 1 in Transmutations
  2774 | D:3      | Reached skill level 1 in Fire Magic
  2774 | D:3      | Reached skill level 1 in Ice Magic
  2774 | D:3      | Reached skill level 1 in Air Magic
  2774 | D:3      | Reached skill level 1 in Earth Magic
  2774 | D:3      | Reached skill level 1 in Poison Magic
  2786 | D:3      | Gained mutation: You have large cloven feet. [potion of
                  | mutation]
  2789 | D:3      | HP: 1/41 [something (2)]
  2791 | D:3      | Slain by an orc wizard

Illustrated notes

Levels and vault maps discovered:
D:1:      onia_arrival_zoo_common, layout_loops_ring,
          chequers_ecumenical_altar_simple, corexii_hall_statues_l,
          supply_closet_lemuel, minmay_tetromino_l2
D:2:      layout_basic
D:3:      layout_basic, kennysheep_cross_room

Skill      XL: |  1  2  3  4 |
---------------+-------------+-----
Short Blades   | 1 |  1.2
Long Blades    | 1 |  1.2
Maces & Flails | 1 |  1.2
Polearms       | 1 |  1.2
Staves         | 1 |  1.2
Slings         | 1 |  1.2
Bows           | 1 |  1.2
Crossbows      | 1 |  1.2
Throwing       | 1 |  1.2
Stealth        | 1 |  1.2
Shields        | 1 |  1.2
Unarmed Combat | 1 |  1.2
Spellcasting   | 1 |  1.2
Evocations     | 1 |  1.2
Conjurations   | 1 |  1.0
Hexes          | 1 |  1.0
Summonings     | 1 |  1.0
Necromancy     | 1 |  1.0
Translocations | 1 |  1.0
Transmutations | 1 |  1.0
Fire Magic     | 1 |  1.0
Ice Magic      | 1 |  1.0
Air Magic      | 1 |  1.0
Earth Magic    | 1 |  1.0
Poison Magic   | 1 |  1.0
Fighting       | |  6.6
Axes           | |  4.6
Armour         | |  4.6
Dodging        | |  2.8
Invocations    | |  4.7

Action                   |  1- 3 |  4- 6 || total
-------------------------+-------+-------++-------
Melee: Hand axe          |    85 |    40 ||   125
       Bite              |     7 |     5 ||    12
       Punch             |     1 |       ||     1
Invok: Depart the Abyss  |     1 |       ||     1
  Use: Scroll            |     3 |     3 ||     6
       Potion            |     1 |     3 ||     4
 Stab: Sleeping          |       |     1 ||     1
Armor: Leather armour    |    26 |    22 ||    48
Dodge: Dodged            |    60 |    33 ||    93

Table legend: (Time is in decaauts)
 A = Elapsed time spent in this place.
 B = Non-inter-level travel time spent in this place.
 C = Inter-level travel time spent in this place.
 D = Time resting spent in this place.
 E = Time spent auto-exploring this place.
 F = Levels seen in this place.
 G = Mean time per level.
                   A        B        C        D        E       F      G
               +--------+--------+--------+--------+--------+-----+--------+
         Total |   2798 |   2747 |     51 |      0 |   2350 |   5 |  559.6 |
       Dungeon |   2564 |   2513 |     51 |      0 |   2168 |   3 |  854.7 |
         Abyss |    233 |    233 |      0 |      0 |    182 |   2 |  116.5 |
               +--------+--------+--------+--------+--------+-----+--------+

Top non-repeatable levels by time:
     D:1: 1200 daAuts
     D:2: 1162 daAuts
     D:3: 201 daAuts
 Abyss:2: 162 daAuts
 Abyss:1: 71 daAuts
